 Dungeon Crawl Stone Soup version 0.17-a0-1910-g4c791fa (webtiles) character file.

348 Kusio the Basher (level 6, -12/62 HPs)
             Began as an Ogre Berserker on Sept 25, 2015.
             Was a Believer of Trog.
             Shot with an arrow of frost by a centaur (15 damage)
             ... on level 4 of the Dungeon.
             The game lasted 00:06:51 (2682 turns).

Kusio the Basher (Ogre Berserker)                   Turns: 2682, Time: 00:06:51

Health: -12/62     AC:  3    Str: 24    XL:     6   Next: 60%
Magic:  6/6        EV: 10    Int:  6    God:    Trog [**....]
Gold:   134        SH:  0    Dex: 10    Spells: 0 memorised, 5 levels left

rFire  . . .     SeeInvis .     a - +0 mace
rCold  . . .     Clarity  .     b - +0 animal skin
rNeg   . . .     SustAt   .     (no shield)
rPois  .         Gourm    .     (helmet restricted)
rElec  .         Spirit   .     (no cloak)
rCorr  .         Warding  .     (gloves unavailable)
rMut   .         Stasis   .     (boots unavailable)
MR     .....                    (no amulet)
Stlth  +.........               (no ring)
                                (no ring)

@: not resistant to hostile enchantments, very unstealthy
A: unfitting armour, tough skin 1
a: Burn Spellbooks, Berserk, Trog's Hand, Renounce Religion


You were on level 4 of the Dungeon.
You worshipped Trog.
Trog was pleased with you.
You were not hungry.

You visited 1 branch of the dungeon, and saw 4 of its levels.

You collected 134 gold pieces.

Inventory:

Hand weapons
 a - a +0 mace (weapon)
Armour
 b - a +0 animal skin (worn)
Scrolls
 e - a scroll of recharging {unknown}
 h - a scroll of teleportation {unknown}
 k - a scroll of fear {unknown}
 m - 2 scrolls of random uselessness {unknown}
 o - a scroll of noise {unknown}
Potions
 d - a potion of flight
 f - 2 potions of haste
 i - a potion of invisibility
 j - a potion of resistance
Comestibles
 c - 4 bread rations
 g - a slice of pizza


   Skills:
 - Level 4.0 Fighting
 + Level 9.4 Maces & Flails
 - Level 2.6 Dodging


You had 5 spell levels left.
You didn't know any spells.

Dungeon Overview and Level Annotations

Branches:
Dungeon (4/15)
 Temple: D:4-7

Altars:
Fedhas
Nemelex Xobeh
Qazlal
Yredelemnul
The Shining One


Innate Abilities, Weirdness & Mutations

You are too large for most types of armour.
You have tough skin (AC +1).


Message History

The arrow of frost freezes you.
You see here an arrow of frost.
The centaur unwields an uncursed shortbow of evasion.
The centaur hits the bush but does no damage.
You hit the bush but do no damage.
The centaur wields an uncursed shortbow of evasion.
The centaur shoots an arrow of frost.
The arrow of frost hits you!
* * * LOW HITPOINT WARNING * * *
The arrow of frost freezes you.
* * * LOW HITPOINT WARNING * * *
You hit the bush but do no damage.
The centaur shoots an arrow of frost.
The arrow of frost hits you but does no damage.
The arrow of frost freezes you.
* * * LOW HITPOINT WARNING * * *
The centaur shoots an arrow of frost.
The arrow of frost hits you!
* * * LOW HITPOINT WARNING * * *
The arrow of frost freezes you.
* * * LOW HITPOINT WARNING * * *
The centaur shoots an arrow of frost.
The arrow of frost hits you!
You die...

########################
..............>.(......#
.......>........@(PPP +.
..#####.########.PPP. ..
..+<.#[[..)......PPcPP.
..##.#..######....PP.h.
.....#[........#...PPP.
#...................# ..
.............(......# .
#######.########..(.#
........# #....#.(..#


You could see a centaur and a hound.

Vanquished Creatures
  Sigmund (D:3)
  The ghost of DecibelRebel the Chopper, a weakling HOAK of Lugonu (D:3)
  An orc wizard (D:4)
  A worker ant (D:4)
  3 adders (D:2)
  2 worms
  4 orcs
  5 giant cockroaches
  4 goblins
  3 hobgoblins
  8 jackals (D:1)
  4 bats
  2 giant geckos
  3 giant newts (D:1)
  6 kobolds
  11 rats
59 creatures vanquished.

Notes
Turn   | Place    | Note
--------------------------------------------------------------
     0 | D:1      | Kusio the Ogre Berserker began the quest for the Orb.
     0 | D:1      | Reached XP level 1. HP: 24/24 MP: 1/1
   125 | D:1      | Reached XP level 2. HP: 13/32 MP: 2/2
   241 | D:1      | Reached skill level 5 in Maces & Flails
   417 | D:1      | Reached XP level 3. HP: 37/39 MP: 3/3
   615 | D:1      | Acquired Trog's second power
   906 | D:2      | Reached skill level 6 in Maces & Flails
  1041 | D:2      | Reached XP level 4. HP: 23/48 MP: 4/4
  1306 | D:2      | Found a stormy altar of Qazlal.
  1334 | D:2      | Found a sparkling altar of Nemelex Xobeh.
  1454 | D:3      | Noticed DecibelRebel's ghost (weakling HOAK)
  1469 | D:3      | Killed DecibelRebel's ghost
  1469 | D:3      | Reached skill level 7 in Maces & Flails
  1469 | D:3      | Reached XP level 5. HP: 13/54 MP: 5/5
  1873 | D:3      | Found a glowing golden altar of the Shining One.
  1875 | D:3      | Noticed Sigmund
  1889 | D:3      | Killed Sigmund
  1889 | D:3      | Reached skill level 9 in Maces & Flails
  1889 | D:3      | Reached XP level 6. HP: 42/62 MP: 6/6
  2466 | D:4      | Found a blossoming altar of Fedhas.
  2627 | D:4      | Found a basalt altar of Yredelemnul.
  2682 | D:4      | HP: 3/62 [centaur/arrow of frost (1)]
  2682 | D:4      | Shot with an arrow of frost by a centaur

Vault maps used:
D:1:      scummos_arrival_simple_crosswalls
D:2:      nicolae_qazlal_general_emergency, nemelex_xobeh_ov_fountains_minmay,
          minmay_misc_feat_diagonals, kennysheep_minor_cross
D:3:      nicolae_tso_swordbearing_angel, first_bread, uniq_sigmund
D:4:      fedhas_bush_and_centaur_altar, lemuel_crystal_altar,
          yredelemnul_altar_generic

Action                   |  1- 3 |  4- 6 || total
-------------------------+-------+-------++-------
Melee: Mace              |    99 |   119 ||   218
Invok: Berserk           |       |     1 ||     1
  Use: Scroll            |     1 |     5 ||     6
 Stab: Sleeping          |       |     1 ||     1
  Eat: Chunk             |       |     7 ||     7
